 Dungeon Crawl Stone Soup version 0.16.1-51-g6203257 (webtiles) character file.

8823 hannobal the Zephyrmancer (level 11, -5/65 HPs)
             Began as a High Elf Air Elementalist on July 20, 2015.
             Was a Priest of Ashenzari.
             Slain by a trapdoor spider zombie (14 damage)
             ... on level 11 of the Dungeon on July 21, 2015.
             The game lasted 01:10:49 (15550 turns).

hannobal the Zephyrmancer (HEAE)                   Turns: 15550, Time: 01:10:49

Health: -5/65      AC: 10    Str: 13    XL:     11   Next: 15%
Magic:  1/30       EV: 17    Int: 18    God:    Ashenzari [***...]
Gold:   151        SH:  0    Dex: 18    Spells: 8 memorised, 6 levels left

rFire  . . .     SeeInvis +     a - +0 falchion (protect) (curse)
rCold  . . .     Clarity  +     t - +1 robe {MR+}
rNeg   . . .     SustAb   .     (no shield)
rPois  .         Gourm    .     G - +1 hat (curse)
rElec  .         Spirit   .     (no cloak)
rCorr  .         Warding  .     V - +0 pair of gloves {Str+3} (curse)
rMut   .         Stasis   .     (no boots)
MR     ++...                    (no amulet)
Stlth  ++........               (no ring)
                                (no ring)

@: lethally poisoned (-5 -> -6), studying Slings, repel missiles, very resistant
to hostile enchantments, unstealthy
A: no striking features
a: Renounce Religion


You were on level 11 of the Dungeon.
You worshipped Ashenzari.
Ashenzari was most pleased with you.
You were not hungry.

You visited 1 branch of the dungeon, and saw 11 of its levels.

You collected 759 gold pieces.
You spent 608 gold pieces at shops.

Inventory:

Hand weapons
 a - a cursed +0 falchion of protection (weapon)
 b - the +6 hunting sling of Cruixtey {venom, rF+ MR+ Int-4 Dex-3 SInv}
   (You bought it in a shop on level 6 of the Dungeon)

   It poisons the ammo it fires.
   It affects your intelligence (-4).
   It affects your dexterity (-3).
   It protects you from fire.
   It affects your resistance to hostile enchantments.
   It enhances your eyesight.
 v - a +3 blowgun
 z - the +6 quarterstaff "Uluhagg" {flame, Dex+4}
   (You found it on level 8 of the Dungeon)

   It has been specially enchanted to burn those struck by it, causing extra
   injury to most foes and up to half again as much damage against particularly
   susceptible opponents.
   It affects your dexterity (+4).
 M - a +0 shortbow of velocity
 Y - a +2 dagger of electrocution
Missiles
 d - 282 stones (quivered)
 e - 209 arrows
 u - 76 poisoned needles
 x - 62 sling bullets
 y - 18 tomahawks
 D - 2 silver tomahawks
 K - 9 arrows of dispersal
 X - 13 arrows of flame
Armour
 t - a +1 robe of magic resistance (worn)
 G - a cursed +1 hat (worn)
 O - a +0 shield
 T - a +1 chain mail of magic resistance
 V - a cursed +0 pair of gloves of strength (worn)
 Z - a +0 buckler
Magical devices
 f - a wand of digging (9)
 n - a wand of fireball (0)
 A - a wand of flame (9)
Scrolls
 i - 5 scrolls of identify
 j - a scroll of curse jewellery
 l - a scroll of amnesia
 m - 4 scrolls of curse weapon
 r - 4 scrolls of remove curse
 B - a scroll of fear
 C - a scroll of enchant armour
 E - 2 scrolls of recharging
 F - 2 scrolls of enchant weapon
 H - 2 scrolls of magic mapping
 I - a scroll of immolation
Potions
 k - 2 potions of magic
 o - 3 potions of flight
 q - 4 potions of curing
 N - 3 potions of heal wounds
 P - a potion of brilliance
 R - 2 potions of haste
 U - a potion of restore abilities
Books
 g - a book of Control

   Spells                             Type                      Level
   a - Control Teleport               Charms/Translocation         4
   b - Control Undead                 Necromancy                   4
   c - Enslavement                    Hexes                        4
   d - Metabolic Englaciation         Hexes/Ice                    5
   e - Mass Confusion                 Hexes                        6
 p - a Grand Grimoire {highlevel}

   This book is beyond your current level of understanding.

   Spells                             Type                      Level
   a - Aura of Abjuration             Summoning                    6
   b - Summon Greater Demon           Summoning                    7
   c - Malign Gateway                 Summoning/Translocation      7
   d - Summon Horrible Things         Summoning                    8
 w - a book of Air

   Spells                             Type                      Level
   a - Shock                          Conjuration/Air              1
   b - Swiftness                      Charms/Air                   2
   c - Repel Missiles                 Charms/Air                   2
   d - Flight                         Charms/Air                   3
   e - Static Discharge               Conjuration/Air              3
   f - Lightning Bolt                 Conjuration/Air              5
 J - a book of Enchantments

   Spells                             Type                      Level
   a - Tukima's Dance                 Hexes                        3
   b - Cause Fear                     Hexes                        4
   c - Silence                        Hexes/Air                    5
   d - Deflect Missiles               Charms/Air                   6
   e - Haste                          Charms                       6
   f - Discord                        Hexes                        8
 L - a Young Poisoner's Handbook

   Spells                             Type                      Level
   a - Sting                          Conjuration/Poison           1
   b - Cure Poison                    Poison                       2
   c - Mephitic Cloud                 Conjuration/Poison/Air       3
   d - Olgreb's Toxic Radiance        Poison                       4
   e - Venom Bolt                     Conjuration/Poison           5
 Q - a Fen Folio

   Spells                             Type                      Level
   a - Corpse Rot                     Necromancy                   2
   b - Stone Arrow                    Conjuration/Earth            3
   c - Leda's Liquefaction            Hexes/Earth                  4
   d - Summon Forest                  Summoning/Translocation      5
   e - Hydra Form                     Transmutation                6
   f - Summon Hydra                   Summoning                    7
 S - a manual of Slings
Comestibles
 c - 6 bread rations
 h - 3 meat rations
 s - 2 fruits


   Skills:
 - Level 2.3 Fighting
 - Level 2.3(4.6) Long Blades
 - Level 2.0 Staves
 - Level 7.0 Dodging
 - Level 2.1 Stealth
 - Level 8.5 Spellcasting
 - Level 10.2 Conjurations
 + Level 5.7 Charms
 - Level 11.0 Air Magic
 - Level 1.2 Earth Magic
 - Level 1.1 Poison Magic


You had 6 spell levels left.
You knew the following spells:

 Your Spells              Type           Power        Failure   Level  Hunger
a - Stone Arrow           Conj/Erth      ####..       2%          3    None
b - Flight                Chrm/Air       #####.....   1%          3    None
c - Cure Poison           Pois           ##........   12%         2    None
l - Lightning Bolt        Conj/Air       #####.....   3%          5    #####..
m - Mephitic Cloud        Conj/Pois/Air  ####....     1%          3    None
r - Repel Missiles        Chrm/Air       #####.       1%          2    None
s - Swiftness             Chrm/Air       #####...     1%          2    None
z - Shock                 Conj/Air       ####         1%          1    None


Dungeon Overview and Level Annotations

Branches:
Dungeon (11/15)            Temple (0/1) D:4
   Lair: D:8-11         Orc: D:9-12

Altars:
Ashenzari
Dithmenos
Gozag
Okawaru
Ru
Vehumet
Yredelemnul
Zin

Shops:
D:6 **!   D:9 (

Portals:
Trove: D:10 (give +6 demon blade)


Message History

Aim: a trapdoor spider zombie The puff of flame hits the trapdoor spider zombie.
Evoking this partially-identified wand wasted a few charges.
The trapdoor spider zombie completely misses you.
The trapdoor spider zombie bites you but does no damage.
Evoke which item? (* to show all) (? for menu, Esc to quit)
Zapping:
A - a wand of flame {zapped: 4} (will waste charges)
Press: ? - help, Shift-Dir - straight line, f/p - trapdoor spider zombie
Aim: a trapdoor spider zombie The puff of flame hits the trapdoor spider zombie.
Evoking this partially-identified wand wasted a few charges.
The trapdoor spider zombie barely misses you.
Evoke which item? (* to show all) (? for menu, Esc to quit)
Zapping:
A - a wand of flame {zapped: 7} (will waste charges)
Press: ? - help, Shift-Dir - straight line, f/p - trapdoor spider zombie
Aim: a trapdoor spider zombie The puff of flame hits the trapdoor spider zombie.
Evoking this partially-identified wand wasted a few charges.
You feel sick. The trapdoor spider zombie bites you!
You die...

.# , . *..... .# , ,#..# ,.>.# .#
., ,, #..# * #..# .... ,... ,#..#
#..# .........#####..# #..#####
......,.........# #.......
....... .......##########.......
....... **#...................###
....# * #.<...@Z............#
....# #..#######..........# ....#
#..#.....#..........# ....#
#..#.....+..........## ....#
#..#.....#.............
#...#######..#.....#........#####
#............#.....#........#
######.......##'####........#
#......................#


You could see a trapdoor spider zombie.

Vanquished Creatures
  The ghost of hannobal the Thaumaturge, an experienced HEWz of Vehumet (D:8)
  A hill giant (D:11)
  2 ugly things
  A gargoyle (D:10)
  Grinder (D:3)
  2 deep elf magi
  A wyvern (D:10)
  2 hippogriffs
  2 ice beasts
  4 orc warriors (D:9)
  A black bear (D:6)
  4 phantoms
  A sky beast (D:11)
  4 ogres
  2 wasps
  9 centaurs
  2 necrophages
  2 big kobolds
  7 giant frogs
  4 scorpions
  8 killer bees
  4 wights (D:9)
  2 crimson imps (D:5)
  7 hounds
  A giant frog zombie (D:10)
  4 goliath beetles
  3 centaur skeletons
  6 orc priests
  A giant frog skeleton (D:4)
  5 iguanas
  A jelly (D:10)
  17 orc wizards
  8 worker ants
  2 killer bee zombies
  2 mummies
  2 hound skeletons
  A scorpion zombie (D:7)
  10 adders
  5 shadow imps
  2 giant mites
  4 worms
  3 adder skeletons
  4 giant geckos
  2 oozes (D:4)
  44 orcs
  12 bats
  A bat zombie (D:7)
  2 gnoll zombies (D:7)
  14 goblins
  10 hobgoblins
  7 giant cockroaches
  5 giant newts
  A giant spore (D:6)
  4 jackals (D:7)
  23 kobolds
  6 quokkas
  A quokka skeleton (D:8)
  A quokka zombie (D:6)
  12 rats
  A ballistomycete (D:6)
301 creatures vanquished.

Notes
Turn   | Place    | Note
--------------------------------------------------------------
     0 | D:1      | hannobal, the High Elf Air Elementalist, began the quest for the Orb.
     0 | D:1      | Reached XP level 1. HP: 11/11 MP: 4/4
   368 | D:1      | Found a shattered altar of Ashenzari.
   402 | D:1      | Became a worshipper of Ashenzari the Shackled
   757 | D:1      | Reached XP level 2. HP: 17/17 MP: 1/6
   761 | D:1      | Learned a level 2 spell: Swiftness
  1103 | D:2      | Reached skill level 1 in Charms
  1304 | D:2      | Found a shadowy altar of Dithmenos.
  1339 | D:2      | Reached XP level 3. HP: 21/21 MP: 2/8
  1954 | D:3      | Noticed Grinder
  1959 | D:3      | Paralysed by Grinder for 4 turns
  1967 | D:3      | Killed Grinder
  1967 | D:3      | Reached skill level 5 in Conjurations
  1967 | D:3      | Reached XP level 4. HP: 27/27 MP: 3/12
  1967 | D:3      | Reached XP level 5. HP: 31/31 MP: 3/14
  1968 | D:3      | Reached skill level 6 in Conjurations
  1972 | D:3      | Learned a level 2 spell: Repel Missiles
  1980 | D:3      | Learned a level 5 spell: Lightning Bolt
  2189 | D:3      | Reached XP level 6. HP: 36/36 MP: 15/17
  2327 | D:3      | Found an iron altar of Okawaru.
  2900 | D:4      | Reached skill level 5 in Air Magic
  3310 | D:4      | Found a glowing silver altar of Zin.
  3310 | D:4      | Found a sacrificial altar of Ru.
  3444 | D:4      | Found a staircase to the Ecumenical Temple.
  3510 | D:4      | Reached XP level 7. HP: 41/41 MP: 16/21
  3716 | D:5      | Entered Level 5 of the Dungeon
  3882 | D:5      | Learned a level 3 spell: Mephitic Cloud
  3885 | D:5      | Learned a level 2 spell: Cure Poison
  4019 | D:5      | Found a runed door.
  4021 | D:5      | Found a runed door.
  4045 | D:5      | Reached skill level 1 in Poison Magic
  4645 | D:5      | Reached skill level 7 in Air Magic
  4912 | D:5      | Found an opulent altar of Gozag.
  4918 | D:5      | Found a radiant altar of Vehumet.
  4936 | D:5      | Reached XP level 8. HP: 46/46 MP: 15/22
  5244 | D:5      | Reached skill level 5 in Spellcasting
  5812 | D:5      | Reached skill level 1 in Fighting
  6125 | D:6      | Found Mnezizinke's Distillery.
  6133 | D:6      | Bought a potion of brilliance for 44 gold pieces
  6133 | D:6      | Bought a potion of heal wounds for 55 gold pieces
  6133 | D:6      | Bought a potion of haste for 110 gold pieces
  6133 | D:6      | Bought a potion of haste for 110 gold pieces
  6439 | D:6      | Reached skill level 8 in Conjurations
  6509 | D:6      | Acquired Ashenzari's first power
  6819 | D:6      | Found Duabb's Assorted Antiques.
  6841 | D:6      | Bought a dyed leather armour for 52 gold pieces
  6841 | D:6      | Bought a scroll labeled OCSOLO NEOJOFU for 26 gold pieces
  6964 | D:5      | Reached skill level 9 in Air Magic
  6964 | D:5      | Reached XP level 9. HP: 29/54 MP: 1/24
  7253 | D:6      | Found Elacw's Jewellery Emporium.
  7628 | D:6      | Found Stontax's General Store.
  7636 | D:6      | Bought a scroll of remove curse for 42 gold pieces
  8982 | D:7      | Found a basalt altar of Yredelemnul.
  9584 | D:8      | Identified the +6 quarterstaff "Uluhagg" {flame, Dex+4}
 10089 | D:8      | Noticed hannobal's ghost (experienced HEWz)
 10233 | D:8      | Reached skill level 10 in Air Magic
 10238 | D:8      | Learned a level 3 spell: Flight
 10385 | D:8      | Killed hannobal's ghost
 10385 | D:8      | Reached skill level 11 in Air Magic
 10385 | D:8      | Reached XP level 10. HP: 55/60 MP: 15/29
 11309 | D:9      | Reached skill level 10 in Conjurations
 11416 | D:6      | Bought a dazzling hunting sling for 169 gold pieces
 11416 | D:6      | Identified the +6 hunting sling of Cruixtey {venom, rF+ MR+ Int-4 Dex-3 SInv} (You bought it in a shop on level 6 of the Dungeon)
 11708 | D:8      | Learned a level 3 spell: Stone Arrow
 11808 | D:9      | Reached skill level 1 in Earth Magic
 12771 | D:9      | Found Phaetar's Weapon Shoppe.
 12944 | D:9      | Reached skill level 1 in Staves
 13280 | D:10     | Entered Level 10 of the Dungeon
 13539 | D:10     | Reached skill level 5 in Dodging
 13940 | D:10     | Acquired Ashenzari's second power
 13982 | D:10     | Found a portal to a secret trove of treasure.
 14573 | D:11     | Noticed a hill giant
 14763 | D:11     | Noticed a green ugly thing
 14773 | D:10     | Killed a green ugly thing
 14976 | D:11     | Reached XP level 11. HP: 65/65 MP: 4/30
 14978 | D:11     | Killed a hill giant
 15449 | D:11     | Reached skill level 5 in Charms
 15550 | D:11     | Slain by a trapdoor spider zombie

Action                   |  1- 3 |  4- 6 |  7- 9 | 10-12 || total
-------------------------+-------+-------+-------+-------++-------
Melee: Unarmed           |     5 |       |       |       ||     5
       Dagger            |     4 |       |       |       ||     4
       Short sword       |     1 |     1 |       |       ||     2
       Falchion          |       |       |    14 |     3 ||    17
Throw: Stone             |     8 |     5 |     1 |     4 ||    18
 Cast: Shock             |    73 |    83 |   526 |   144 ||   826
       Repel Missiles    |       |     1 |     2 |     3 ||     6
       Lightning Bolt    |       |       |     9 |    36 ||    45
       Mephitic Cloud    |       |       |     6 |       ||     6
       Stone Arrow       |       |       |       |   112 ||   112
Evoke: Wand              |       |       |       |     5 ||     5
  Use: Scroll            |    10 |     2 |     7 |     5 ||    24
       Potion            |     3 |     2 |     1 |       ||     6
 Stab: Confused          |       |       |     1 |       ||     1
  Eat: Chunk             |     4 |     4 |    11 |    21 ||    40
       Pizza             |       |       |     2 |       ||     2
       Beef jerky        |       |       |     3 |     1 ||     4
       Meat ration       |       |       |     1 |       ||     1
       Fruit             |       |       |       |     3 ||     3
